 Dungeon Crawl Stone Soup version 0.28-a0-706-gf6f64a616a (webtiles) character file.

Game seed: 11361562505627111621

33 Sabo the Chopper (level 3, -2/28 HPs)
             Began as a Demonspawn Gladiator on Oct 24, 2021.
             Was an Initiate of Ashenzari.
             Slain by Terence (3 damage)
             ... on level 2 of the Dungeon.
             The game lasted 00:07:10 (1685 turns).

Sabo the Chopper (Demonspawn Gladiator)             Turns: 1685, Time: 00:07:11

Health: -2/28      AC:  5    Str: 15    XL:     3   Next: 12%
Magic:  3/3        EV: 12    Int:  9    God:    Ashenzari [......]
Gold:   21         SH:  0    Dex: 14    Spells: 2/2 levels left

rFire   . . .      SeeInvis .   a - +0 war axe (vorpal)
rCold   . . .      Faith    .   (no shield)
rNeg    . . .      Spirit   .   b - +0 leather armour
rPois   .          Reflect  .   c - +0 helmet
rElec   .          Harm     .   i - +0 cloak
rCorr   .          Rampage  .   (no gloves)
Will    .....                   (no boots)
Stlth   +.........              g - amulet of Ashenzari's Pleiades {Acrobat, Comp, Range} (curse)
HPRegen 0.09/turn               (no ring)
MPRegen 0.08/turn               (no ring)

@: no status effects
A: claws 1, powered by pain 1
a: Renounce Religion, Shatter the Chains


You were on level 2 of the Dungeon.
You worshipped Ashenzari.
Ashenzari was noncommittal.
You visited 1 branch of the dungeon, and saw 2 of its levels.

You collected 21 gold pieces.

Inventory:

Hand Weapons
 a - a +0 vorpal war axe (weapon)
 f - a +3 dagger
 l - a +0 hunting sling
Missiles
 d - 3 throwing nets (quivered)
 h - 13 sling bullets
 j - 19 bolts
Armour
 b - a +0 leather armour (worn)
 c - a +0 helmet (worn)
 i - a +0 cloak (worn)
Jewellery
 g - the cursed amulet of Ashenzari's Pleiades (around neck) {Acrobat, Comp, Range}
   (You found it on level 1 of the Dungeon)

   [amulet of the acrobat]

   It increases your evasion while moving and waiting.
   It has a curse which improves the following skills: Companions: Summonings
   and Necromancy.
   Ranged Combat: Slings, Bows, Crossbows and Throwing.
Potions
 e - a potion of might
 k - a potion of magic


   Skills:
 + Level 2.3 Fighting
 + Level 3.2 Axes
 + Level 1.8(2.2) Throwing
 + Level 0.7 Armour
 + Level 3.0 Dodging


You had 2 spell levels left.
You didn't know any spells.
Your spell library contained the following spells:

 Spells                   Type           Power      Damage    Failure   Level
 Freeze                   Ice            0%         1d3       45%         1
 Frozen Ramparts          Ice            0%         1d2       83%         3
 Hailstorm                Conj/Ice       0%         3d3       99%         4


Dungeon Overview and Level Annotations

Branches:
Dungeon (2/15)

Altars:
Ashenzari

Annotations:
D:2 Terence


Innate Abilities, Weirdness & Mutations

You have sharp fingernails.
You sometimes gain a little power by taking damage.


Message History

You hit Terence.
Terence is moderately wounded.
Terence closely misses you.
You hit Terence but do no damage.
Terence is moderately wounded.
Terence closely misses you.
You closely miss Terence.
Terence is moderately wounded.
Terence hits you with a +0 flail. Terence misses you.
You hit Terence but do no damage.
Terence is moderately wounded.
Terence hits you with a +0 flail.
You closely miss Terence.
Terence is moderately wounded.
Terence barely misses you.
You hit Terence.
Terence is moderately wounded.
Terence barely misses you. Terence closely misses you.
You closely miss Terence.
Terence is moderately wounded.
Terence closely misses you.
You closely miss Terence.
Terence is moderately wounded.
Terence misses you.
You hit Terence but do no damage.
Terence is moderately wounded.
Terence hits you with a +0 flail! Terence hits you but does no damage.
You closely miss Terence.
Terence is moderately wounded.
Terence screams, "I'm going to kill you!"
Terence barely misses you.
You closely miss Terence.
Terence is moderately wounded.
Terence hits you with a +0 flail!
* * * LOW HITPOINT WARNING * * *
Terence barely misses you.
You slash Terence!
Terence is severely wounded.
Terence hits you with a +0 flail.
You die...

#......#
#..###.# ##.#
#.# # #.# #.#
#.##.# #.#
#....###.#
...<###..##.#
##########..##.#
#@.......[.)##.#
#@#########.##.#
#.# #####+##'##
..# #.....)...#
#### #.........#
#.........#
#.........#
#.........#
#.........#


You could see Terence.

Vanquished Creatures
  A dart slug (D:1)
  2 bats (D:1)
  An endoplasm (D:1)
  2 giant cockroaches (D:1)
  2 goblins (D:1)
  4 hobgoblins
  2 kobolds (D:1)
  A quokka (D:1)
  7 ball pythons
  2 frilled lizards (D:1)
  4 rats (D:1)
28 creatures vanquished.

Vanquished Creatures (others)
  A plant (D:1)
1 creature vanquished.

Grand Total: 29 creatures vanquished

Notes
Turn   | Place    | Note
-------+----------+-------------------------------------------
     0 | D:1      | Sabo the Demonspawn Gladiator began the quest for the Orb.
     0 | D:1      | Reached XP level 1. HP: 16/16 MP: 1/1
   451 | D:1      | Gained mutation: You sometimes gain a little power by
                  | taking damage. [demonic ancestry]
   451 | D:1      | Reached XP level 2. HP: 17/22 MP: 2/2
   589 | D:1      | Found a faded altar of an unknown god.
   609 | D:1      | Prayed at the altar of an unknown god.
   609 | D:1      | Became a worshipper of Ashenzari the Shackled
   994 | D:1      | Gained mutation: You have sharp fingernails. [demonic
                  | ancestry]
   994 | D:1      | Reached XP level 3. HP: 28/28 MP: 3/3
  1672 | D:2      | Noticed Terence
  1684 | D:2      | HP: 1/28 [Terence (9)]
  1685 | D:2      | Slain by Terence

Illustrated notes

Levels and vault maps discovered:
D:1:      amcnicky_arrival_gap_in_the_tavern_cellar, layout_loops_ring,
          ebering_ecumenical_altar_abandoned, serial_bayou_pond_d
D:2:      layout_basic, uniq_terence

Skill      XL: |  1  2  3 |
---------------+----------+-----
Axes           | 3 |  3.2
Dodging        | 3 |  3.0
Fighting       | |  2.3
Throwing       | |  1.8
Armour         | |  0.7

Action                   || total
-------------------------++-------
Melee: War axe           ||    83
       Dagger            ||    13
Invok: Curse Item        ||     1
  Use: Scroll            ||     1
Armor: Leather armour    ||    26
Dodge: Dodged            ||    80

Table legend: (Time is in decaauts)
 A = Elapsed time spent in this place.
 B = Non-inter-level travel time spent in this place.
 C = Inter-level travel time spent in this place.
 D = Time resting spent in this place.
 E = Time spent auto-exploring this place.
 F = Levels seen in this place.
 G = Mean time per level.
                   A        B        C        D        E       F      G
               +--------+--------+--------+--------+--------+-----+--------+
         Total |   1719 |   1719 |      0 |    530 |      0 |   2 |  859.5 |
       Dungeon |   1719 |   1719 |      0 |    530 |      0 |   2 |  859.5 |
               +--------+--------+--------+--------+--------+-----+--------+

Top non-repeatable levels by time:
     D:1: 1521 daAuts
     D:2: 198 daAuts
